 Dungeon Crawl Stone Soup version 0.26-a0-771-g060e6a62af (webtiles) character file.

Game seed: 7365367488587591775

67 somkeydreadnuts the Conjurer (level 3, -1/19 HPs)
             Began as a Deep Elf Conjurer on Nov 8, 2020.
             Slain by a bullfrog (2 damage)
             ... on level 2 of the Dungeon.
             The game lasted 00:07:43 (1732 turns).

somkeydreadnuts the Conjurer (Deep Elf Conjurer)    Turns: 1732, Time: 00:07:45

Health: -1/19      AC:  2    Str:  4    XL:     3   Next: 98%
Magic:  5/9        EV: 13    Int: 23    God:
Gold:   92         SH:  0    Dex: 13    Spells: 5/8 levels left

rFire    . . .     SeeInvis .   c - -1 hand axe (curse)
rCold    . . .     Faith    .   (no shield)
rNeg     . . .     Spirit   .   a - +0 robe
rPois    .         Reflect  .   (no helmet)
rElec    .         Harm     .   (no cloak)
rCorr    .         Rampage  .   (no gloves)
MR       .....                  (no boots)
Stlth    ++........             (no amulet)
HPRegen  0.06/turn              (no ring)
MPRegen  0.11/turn              (no ring)

@: no status effects
A: no striking features
a: no special abilities


You were on level 2 of the Dungeon.
You visited 1 branch of the dungeon, and saw 3 of its levels.

You collected 92 gold pieces.

Inventory:

Hand Weapons
 b - a +0 short sword
 c - a cursed -1 hand axe (weapon)
Armour
 a - a +0 robe (worn)
Jewellery
 g - an uncursed amulet of regeneration {unknown}
 l - an uncursed ring of wizardry {unknown}
Scrolls
 e - 3 scrolls of amnesia {unknown}
 h - a scroll of identify {unknown}
 j - a scroll of enchant armour {unknown}
 k - a scroll of noise {unknown}
Potions
 d - a potion of might {unknown}
 f - a potion of berserk rage {unknown}
 i - a potion of cancellation {unknown}
 m - a potion of magic {unknown}


   Skills:
 - Level 2.4 Dodging
 - Level 2.4 Stealth
 + Level 3.4 Spellcasting
 - Level 6.0 Conjurations


You had 5 spell levels left.
You knew the following spells:

 Your Spells              Type           Power        Failure   Level
a - Magic Dart            Conj           ####         1%          1
b - Searing Ray           Conj           ####..       1%          2

Your spell library contained the following spells:

 Spells                   Type           Power        Failure   Level
 Dazzling Flash           Conj/Hex       ###...       10%         3
 Fulminant Prism          Conj/Hex       ###.......   32%         4
 Iskenderun's Mystic Bla  Conj/Tloc      ###.....     32%         4


Dungeon Overview and Level Annotations

Branches:
Dungeon (3/15)

Altars:
Yredelemnul


Message History

You climb upwards.
There is a stone staircase leading down here.
Casting: Magic Dart (safe; 1% risk of failure)
Confirm with . or Enter, or press ? or * to list all spells.
Aiming: Magic Dart (safe; 1% risk of failure)
Press: ? - help, Shift-Dir - straight line, f - bullfrog
Aim: a bullfrog (heavily wounded)
The magic dart hits the bullfrog!
The bullfrog is almost dead.
The bullfrog hits you. The bullfrog hits you!
* * * LOW HITPOINT WARNING * * *
Casting: Magic Dart (safe; 1% risk of failure)
Confirm with . or Enter, or press ? or * to list all spells.
Aiming: Magic Dart (safe; 1% risk of failure)
Press: ? - help, Shift-Dir - straight line, f/p - bullfrog
Aim: a bullfrog (almost dead)
The magic dart hits the bullfrog.
The bullfrog is almost dead.
The bullfrog hits you.
You die...

#....#.###....# #.......##.
#....#..†.#######.......##.
#.............#.........##.
#.........###.#.....)...##.
#.....####.................
#.....#.......#....#######.
######.....####....# #.
#.......F..#...>########
#......@...+....'......'
#..........#....########
#...............# #
#...............### #
#...(.......#.....# #
#.............###.# #
#..........######.# #
#..........#......# ####
####'###........### #...


You could see a bullfrog.

Vanquished Creatures
  An adder (D:2)
  3 leopard geckos (D:1)
  9 giant cockroaches
  3 goblins
  3 hobgoblins
  3 jackals (D:1)
  7 kobolds
  A quokka (D:2)
  2 ball pythons (D:1)
  7 bats
  2 frilled lizards (D:1)
  2 gnoll zombies (D:2)
  10 rats
53 creatures vanquished.

Notes
Turn   | Place    | Note
-------+----------+-------------------------------------------
     0 | D:1      | somkeydreadnuts the Deep Elf Conjurer began the quest for
                  | the Orb.
     0 | D:1      | Reached XP level 1. HP: 10/10 MP: 6/6
   219 | D:1      | Reached XP level 2. HP: 15/15 MP: 5/8
   296 | D:1      | Reached skill level 5 in Conjurations
   608 | D:1      | Reached XP level 3. HP: 19/19 MP: 4/9
   998 | D:2      | Learned a level 2 spell: Searing Ray
  1161 | D:2      | Reached skill level 6 in Conjurations
  1547 | D:2      | Found a basalt altar of Yredelemnul.
  1720 | D:3      | Noticed a bullfrog
  1732 | D:2      | Slain by a bullfrog

Illustrated notes

Levels and vault maps discovered:
D:1:      minmay_arrival_split_and_join, layout_rooms, minmay_small_reverse_x
D:2:      layout_basic, lemuel_zombie_altar_yredelemnul
D:3:      layout_rooms, vehumet_crystals, zin_angel, hex_large, uniq_ijyb

Skill      XL: |  1  2  3 |
---------------+----------+-----
Conjurations   | 5 6 |  6.0
Dodging        | |  2.4
Stealth        | |  2.4
Spellcasting   | |  3.4

Action                   || total
-------------------------++-------
Melee: Hand axe          ||     4
 Cast: Magic Dart        ||   105
Armor: Robe              ||     2
Dodge: Dodged            ||    23

Table legend: (Time is in decaauts)
 A = Elapsed time spent in this place.
 B = Non-inter-level travel time spent in this place.
 C = Inter-level travel time spent in this place.
 D = Time resting spent in this place.
 E = Time spent auto-exploring this place.
 F = Levels seen in this place.
 G = Mean time per level.
                   A        B        C        D        E       F      G
               +--------+--------+--------+--------+--------+-----+--------+
         Total |   1732 |   1732 |      0 |      0 |   1454 |   3 |  577.3 |
       Dungeon |   1732 |   1732 |      0 |      0 |   1454 |   3 |  577.3 |
               +--------+--------+--------+--------+--------+-----+--------+

Top non-repeatable levels by time:
     D:1: 994 daAuts
     D:2: 725 daAuts
     D:3: 12 daAuts
